 Dungeon Crawl Stone Soup version 0.18-a0-1764-gf4ddf0b (webtiles) character file.

43 swanee5252 the Ducker (level 3, 0/27 HPs)
             Began as a Mummy Wanderer on Apr 13, 2016.
             Slain by a worm (10 damage)
             ... on level 2 of the Dungeon.
             The game lasted 00:05:05 (2011 turns).

swanee5252 the Ducker (Mummy Wanderer)              Turns: 2011, Time: 00:05:05

Health: 0/27       AC:  2    Str: 15    XL:     3   Next: 37%
Magic:  4/4        EV:  9    Int: 18    God:
Gold:   78         SH:  7    Dex: 11    Spells: 0 memorised, 4 levels left

rFire  x . .     SeeInvis .     b - +0 hand axe
rCold  + . .     Gourm    .     d - +0 robe
rNeg   + + +     Faith    .     e - +0 shield (curse)
rPois  ∞         Spirit   .     (no helmet)
rElec  .         Dismiss  .     (no cloak)
rCorr  .         Reflect  .     (no gloves)
SustAt .         Harm     .     (no boots)
MR     .....     Rnd*Tele +     (no amulet)
Stlth  +.........               j - +6 ring of intelligence
                                p - ring of teleportation (curse)

@: not resistant to hostile enchantments, very unstealthy
A: no food or potions, fire vulnerability, cold resistance 1, negative energy
resistance 3, torment resistance, unbreathing
a: no special abilities


You were on level 2 of the Dungeon.
You were not hungry.

You visited 1 branch of the dungeon, and saw 2 of its levels.

You collected 78 gold pieces.

Inventory:

Hand Weapons
 b - a +0 hand axe (weapon)
Missiles
 f - 14 sling bullets of frost
 i - 16 silver sling bullets
 l - 5 stones (quivered)
 m - 15 bolts
 s - 8 poisoned needles
 t - 4 large rocks
Armour
 d - a +0 robe (worn)
 e - a cursed +0 shield (worn)
Jewellery
 h - an uncursed ring of stealth
 j - a +6 ring of intelligence (right hand)
 n - a +4 ring of strength {unknown}
 p - a cursed ring of teleportation (left hand)
 q - an uncursed ring of see invisible {unknown}
 r - an uncursed ring of sustain attributes {unknown}
Scrolls
 c - 2 scrolls of teleportation
 g - 3 scrolls of identify {unknown}
 k - 2 scrolls of fog {unknown}
 o - 2 scrolls of remove curse {unknown}
Books
 a - a book of Air

   Spells                             Type                      Level
   a - Shock                          Conjuration/Air              1
   b - Swiftness                      Charms/Air                   2
   c - Repel Missiles                 Charms/Air                   2
   d - Static Discharge               Conjuration/Air              3
   e - Lightning Bolt                 Conjuration/Air              5


   Skills:
 - Level 2.0 Fighting
 - Level 1.0 Axes
 - Level 1.5 Armour
 - Level 2.4 Dodging
 - Level 1.0 Stealth
 + Level 0.2 Shields
 - Level 1.0 Spellcasting
   Level 1.5 Air Magic
   Level 1.0 Evocations


You had 4 spell levels left.
You didn't know any spells.

Dungeon Overview and Level Annotations

Branches:
Dungeon (2/15)

Altars:


Innate Abilities, Weirdness & Mutations

You do not eat or drink.
Your flesh is vulnerable to fire.
You are immune to poison.
Your flesh is cold resistant.
You are immune to negative energy.
You are immune to unholy pain and torment.
You can survive without breathing.


Message History

The worm is lightly wounded.
The worm bites you!
You slash the worm!
The worm is moderately wounded.
The worm closely misses you.
You barely miss the worm.
The worm is moderately wounded.
The worm bites you!
You hit the worm but do no damage.
The worm is moderately wounded.
You block the worm's attack.
Your shield prevents you from hitting the worm.
The worm is moderately wounded.
Your shield prevents you from hitting the worm.
The worm is moderately wounded.
The worm misses you.
You hit the worm but do no damage.
The worm is lightly wounded.
The worm bites you!
You die...

..#..######...........#
.. ....#........## #
..............##
.#..#..........#
#.##..........# ..
#.....)....#
#..........#
#....w.....#
##..@.....## ##......##
########


You could see a worm.

Vanquished Creatures
  A gnoll (D:1)
  An ooze (D:1)
  2 dart slugs (D:1)
  3 bats (D:1)
  5 goblins
  2 hobgoblins (D:1)
  A ball python (D:1)
  4 kobolds (D:1)
  10 rats
29 creatures vanquished.

Notes
Turn   | Place    | Note
--------------------------------------------------------------
     0 | D:1      | swanee5252 the Mummy Wanderer began the quest for the Orb.
     0 | D:1      | swanee5252 set off with: a book of Air, a +0 hand axe, a scroll of teleportation, a +0 robe
     0 | D:1      | Reached XP level 1. HP: 16/16 MP: 2/2
   133 | D:1      | Reached skill level 1 in Dodging
   133 | D:1      | Reached XP level 2. HP: 9/22 MP: 3/3
   870 | D:1      | Reached XP level 3. HP: 26/27 MP: 4/4
  2011 | D:2      | Slain by a worm

Vault maps used:
D:1:      eino_arrival_water_cross, minmay_box_of_dots
D:2:      yredelemnul_forgotten_temple_becter, kennysheep_boxes

Skill      XL: |  1  2 |
---------------+-------+-----
Dodging        | 1 2 |  2.4
Fighting       | |  2.0
Axes           | |  1.0
Armour         | |  1.5
Stealth        | |  1.0
Shields        | |  0.2
Spellcasting   | |  1.0
Air Magic      | |  1.5
Evocations     | |  1.0

Action                   || total
-------------------------++-------
Melee: Hand axe          ||   119
Armor: Robe              ||    18
Dodge: Dodged            ||    81
Block: Shield            ||     5
